 Dungeon Crawl Stone Soup version 0.31.0-1-g2c135a008e (webtiles) character file.

Game seed: 4407226256901700252

91 qw the Shooter (level 4, -6/35 HPs)
             Began as a Djinni Hunter on Jan 23, 2024.
             Mangled by a black bear (7 damage)
             ... on level 3 of the Dungeon.
             The game lasted 00:00:05 (1493 turns).

qw the Shooter (Djinni Hunter)                      Turns: 1493, Time: 00:00:05

Health: -6/35      AC:  7    Str: 10    XL:     4   Next: 87%
Gold:   51         EV: 11    Int: 11    God:
                   SH:  0    Dex: 18

rFire   + + .        a - +1 shortbow
rCold   . . .        (shield currently unavailable)
rNeg    . . .        d - +0 ring mail
rPois   inf          m - +1 helmet
rElec   .            (no cloak)
rCorr   .            (no gloves)
SInv    .            (boots unavailable)
Will    .....        (no amulet)
Stlth   +            g - ring of protection from cold
HPRegen 0.25/turn    (no ring)
MPRegen 0.00/turn

%: infuse magic (-7 HP)
@: flying
A: sickness immunity, fire resistance 2, cold vulnerability 1, float, innate
caster, HP casting, extra vitality 1
a: no special abilities


You were on level 3 of the Dungeon.
You visited 1 branch of the dungeon, and saw 3 of its levels.

You collected 51 gold pieces.


Innate Abilities, Weirdness & Mutations

You are immune to sickness and miasma.
You are immune to poison.
Your flesh is very heat resistant. (rF++)
You are vulnerable to cold. (rC-)
You float through the air rather than walking.
You learn spells naturally, not from books.
Your magical power is your life essence.
You have superior vitality. (+4 MHP)


   Skills:
 - Level 3.3 Fighting
 + Level 4.0 Ranged Weapons
 - Level 1.0 Armour
 - Level 2.1 Dodging
 - Level 0.7 Stealth


You knew the following spells:

 Your Spells              Type           Power      Damage    Failure   Level
a - Freeze                Ice            0%         1d3       65%         1
Your spell library was empty.

Inventory:

Hand Weapons
 a - a +1 shortbow (weapon)
Armour
 d - a +0 ring mail (worn)
 m - a +1 helmet (worn)
Jewellery
 g - a ring of protection from cold (left hand)
Wands
 j - a wand of roots (9)
Scrolls
 b - a scroll of identify
 c - a scroll of brand weapon {unknown}
 i - a scroll of teleportation {unknown}
Potions
 e - a potion of degeneration {unknown}
 f - a potion of lignification {unknown}
 h - a potion of haste {unknown}
 k - a potion of might {unknown}
 l - a potion of curing {unknown}

Dungeon Overview and Level Annotations

Branches:
Dungeon (3/15)

Altars:


Message History

The black bear claws you.
The black bear claws you but does no damage.
You shoot an arrow.
The arrow completely misses the black bear.
The black bear barely misses you. The black bear closely misses you.
The black bear claws you.
You shoot an arrow. The arrow hits the black bear.
The black bear is lightly wounded.
The black bear bites you but does no damage.
The black bear closely misses you. The black bear completely misses you.
The black bear bites you. The black bear claws you.
The black bear claws you but does no damage.
You shoot an arrow. The arrow hits the black bear.
The black bear is lightly wounded.
The black bear closely misses you.
The black bear claws you but does no damage. x2
You shoot an arrow.
The arrow hits the black bear but does no damage.
The black bear is lightly wounded.
The black bear bites you. The black bear barely misses you.
The black bear claws you.
You shoot an arrow. The arrow hits the black bear.
The black bear is lightly wounded.
The black bear closely misses you. The black bear claws you.
The black bear barely misses you. The black bear misses you.
The black bear claws you but does no damage. x2
You shoot an arrow. The arrow hits the black bear.
The black bear is moderately wounded.
The black bear bites you. The black bear barely misses you.
The black bear closely misses you.
You shoot an arrow.
The arrow closely misses the black bear.
The black bear completely misses you. The black bear closely misses you.
The black bear claws you.
You shoot an arrow. The arrow hits the black bear!
The black bear is severely wounded.
The black bear goes berserk!
The black bear bites you. The black bear claws you. x2
You shoot an arrow. The arrow barely misses the black bear.
The black bear bites you!
You die...

.....#.#.#
.....#.#.# #. .
##.###.#.###... #.
#......)...... ..
.##............ .#
....##.#.###### .#
..........# .#
######.##.#######h#
######.##.......@.#
.......############
########


You could see a black bear (berserk).

Vanquished Creatures
  A bombardier beetle (D:3)
  An adder (D:3)
  3 dart slugs
  4 endoplasms
  3 giant cockroaches (D:2)
  3 hobgoblins (D:2)
  4 jackals (D:2)
  A quokka (D:3)
  4 ball pythons
  6 bats
  A frilled lizard (D:2)
  5 kobolds
  5 rats
41 creatures vanquished.

Notes
Turn   | Place    | Note
-------+----------+-------------------------------------------
     0 | D:1      | qw the Djinni Hunter began the quest for the Orb.
     0 | D:1      | Reached XP level 1. HP: 18/18 MP: 0/0
     0 | D:1      | 0 ||| qw: Version: 0.3-a-135-gb77e89d
     0 | D:1      | 0 ||| qw: Game counter: 938
     0 | D:1      | 0 ||| qw: Melee chars always use a shield: true
     0 | D:1      | 0 ||| qw: God list: Okawaru
     0 | D:1      | 0 ||| qw: Allow faded altars: false
     0 | D:1      | 0 ||| qw: Do Orc after clearing Dungeon:15 true
     0 | D:1      | 0 ||| qw: Do second Lair branch before Depths: true
     0 | D:1      | 0 ||| qw: Lair rune preference: random
     0 | D:1      | 0 ||| qw: Goals: Normal
     0 | D:1      | 0 ||| PLANNING D:1-11
    68 | D:1      | Reached XP level 2. HP: 23/23 MP: 0/0
   513 | D:1      | 513 ||| UPGRADING to +0 ring mail.
   523 | D:1      | 523 ||| DROPPING +0 leather armour.
   524 | D:1      | 524 ||| UPGRADING to +0 helmet.
   529 | D:1      | 529 ||| UPGRADING to ring of protection from cold.
   530 | D:1      | 530 ||| READING scroll labelled EPPU FUOWITRAE.
   530 | D:1      | 530 ||| ENCHANTING +0 shortbow.
   531 | D:1      | 531 ||| READING scroll labelled RAFYINT ZOFEM.
   532 | D:1      | 532 ||| READING scroll labelled CAPRIODGHYROR.
   533 | D:1      | 533 ||| READING scroll labelled ICZALL PEOLLEDAE.
   634 | D:1      | 634 ||| READING 3 scrolls labelled NYJEING KOXI.
   635 | D:1      | 635 ||| DROPPING scroll of butterflies.
   636 | D:1      | 636 ||| DROPPING 2 scrolls of immolation.
   800 | D:2      | Reached XP level 3. HP: 28/28 MP: 0/0
   800 | D:2      | Learned a level 1 spell: Freeze
   882 | D:2      | Reached skill level 1 in Armour
   985 | D:2      | Reached skill level 4 in Ranged Weapons
  1309 | D:2      | 1309 ||| DROPPING ring of wizardry.
  1310 | D:2      | 1310 ||| READING scroll labelled SAJYTZ OW KETO.
  1310 | D:2      | 1310 ||| ENCHANTING +0 helmet.
  1311 | D:2      | 1311 ||| READING scroll labelled CISILAERIS.
  1311 | D:2      | 1311 ||| IDENTIFYING red potion
  1312 | D:2      | 1312 ||| DROPPING potion of ambrosia.
  1356 | D:3      | Reached XP level 4. HP: 34/34 MP: 0/0
  1410 | D:3      | Reached skill level 3 in Fighting
  1480 | D:3      | Noticed a black bear
  1492 | D:3      | HP: 7/35 [black bear (2)]
  1492 | D:3      | HP: 1/35 [black bear (5)]
  1493 | D:3      | Mangled by a black bear

Levels and vault maps discovered:
D:1:      minmay_arrival_cross, layout_basic
D:2:      layout_loops_ring, minmay_misc_feat_chi
D:3:      layout_loops_ring

Skill      XL: |  1  2  3  4 |
---------------+-------------+-----
Armour         | 1 |  1.0
Ranged Weapons | 4 |  4.0
Fighting       | 3 |  3.3
Dodging        | |  2.1
Stealth        | |  0.7

Action                     |  1- 3 |  4- 6 || total
---------------------------+-------+-------++-------
   Fire: Shortbow          |    93 |    24 ||   117
    Use: Scroll            |     7 |       ||     7
 Armour: Leather armour    |     9 |       ||     9
         Ring mail         |     5 |    25 ||    30
  Dodge: Dodged            |    15 |    14 ||    29

Table legend:
 A = Non-vault XP
 B = Vault XP
 C = Vault XP percentage of total XP
 D = Non-vault monster count
 E = Vault monster count
 F = Vault count percentage of total count
                 A         B        C        D         E       F
            +---------+---------+-------+---------+---------+-------
      Total |     130 |       0 |   0.0 |      41 |       0 |   0.0
            +---------+---------+-------+---------+---------+-------
        D:1 |      26 |       0 |   0.0 |      15 |       0 |   0.0
        D:2 |      41 |       0 |   0.0 |      23 |       0 |   0.0
        D:3 |      63 |       0 |   0.0 |       3 |       0 |   0.0
            +---------+---------+-------+---------+---------+-------
